 Dungeon Crawl Stone Soup version 0.31-a0-4-gefa6de2278 (webtiles) character file.

Game seed: 14024446726148598852

6405 Conn the Arsonist (level 10, -1/60 HPs)
             Began as an Octopode Fire Elementalist on May 4, 2023.
             Was a Believer of Sif Muna.
             Slain by an orc warrior
             ... wielding a +0 trident
              (7 damage)
             ... on level 9 of the Dungeon.
             The game lasted 00:30:10 (9641 turns).

Conn the Arsonist (Octopode Fire Elementalist)      Turns: 9641, Time: 00:30:10

Health: -1/60      AC:  5    Str:  6    XL:     10   Next: 98%
Magic:  4/22       EV: 15    Int: 42    God:    Sif Muna [**....]
Gold:   192        SH:  0    Dex: 18    Spells: 6/26 levels left

rFire   + . .        D - +7 dagger "Ubreapt" {venom, rPois Will- Int+10}
rCold   . . .        (no shield)
rNeg    + . .        (helmet restricted)
rPois   +            E - amulet of the acrobat
rElec   .            J - ring of protection from cold
rCorr   .            F - ring of willpower
SInv    .            q - ring of fire
Will    ++...        x - +6 ring of intelligence
Stlth   ++           H - ring "Qoef" {rPois Will+}
HPRegen 0.30/turn    I - +6 ring of dexterity
MPRegen 0.18/turn    k - ring of Urhop {rN+ Will+ Str-3 Int+5}
                     z - +4 ring of protection

%: acrobat
@: confused, ambrosia-drunk, very slightly contaminated
A: almost no armour, amphibious, 8 rings, camouflage 1, gelatinous body 1,
(nimble swimmer 1), tentacles
a: Renounce Religion, Channel Magic


You were on level 9 of the Dungeon.
You worshipped Sif Muna.
Sif Muna was pleased with you.
You visited 2 branches of the dungeon, and saw 10 of its levels.
You also visited: Ossuary.

You collected 542 gold pieces.
You spent 350 gold pieces at shops.

Inventory:

Hand Weapons
 l - a +1 short sword of holy wrath
 t - a +2 dagger of protection
 D - the +7 dagger "Ubreapt" (weapon) {venom, rPois Will- Int+10}
   (You found it on level 6 of the Dungeon)

   Int:       It affects your intelligence (+10).
   rPois:     It protects you from poison.
   Will:      It decreases your willpower.
Missiles
 C - a throwing net
Magical Staves
 g - a staff of air
Jewellery
 h - a ring of positive energy
 k - the ring of Urhop (on tentacle) {rN+ Will+ Str-3 Int+5}
   (You found it on level 9 of the Dungeon)

   [ring of positive energy]

   Str:       It affects your strength (-3).
   Int:       It affects your intelligence (+5).
   rN:        It protects you from negative energy.
   Will:      It increases your willpower.
 m - a ring of fire
 q - a ring of fire (on tentacle)
 x - a +6 ring of intelligence (on tentacle)
 z - a +4 ring of protection (on tentacle)
 E - an amulet of the acrobat (around mantle)
 F - a ring of willpower (right tentacle)
 H - the ring "Qoef" (on tentacle) {rPois Will+}
   (You found it on level 7 of the Dungeon)

   [ring of willpower]

   rPois:     It protects you from poison.
   Will:      It increases your willpower.
 I - a +6 ring of dexterity (on tentacle)
 J - a ring of protection from cold (left tentacle)
Wands
 G - a wand of flame (12)
Scrolls
 b - 3 scrolls of magic mapping
 d - a scroll of torment
 j - 2 scrolls of blinking
 n - 2 scrolls of enchant armour
 o - 2 scrolls of poison
 p - a scroll of vulnerability
 w - a scroll of fog
 y - a scroll of amnesia
 A - a scroll of enchant weapon
 B - 2 scrolls of teleportation
 K - a scroll of immolation
Potions
 a - 2 potions of magic
 c - 2 potions of brilliance
 e - a potion of berserk rage
 f - a potion of ambrosia
 i - 5 potions of curing {unknown}
 r - a potion of lignification
 s - a potion of cancellation {unknown}
 u - 3 potions of flight {unknown}
 v - 4 potions of attraction


   Skills:
 + Level 2.0 Fighting
 + Level 2.3 Short Blades
 + Level 3.9 Dodging
 + Level 6.1 Stealth
 + Level 8.6 Spellcasting
 * Level 6.7 Conjurations
 + Level 0.4 Hexes
 + Level 0.6 Translocations
 + Level 8.9 Fire Magic
 * Level 5.5 Invocations


You had 6 spell levels left.
You knew the following spells:

 Your Spells              Type           Power      Damage    Failure   Level
a - Foxfire               Conj/Fire      100%       2x1d9     1%          1
b - Scorch                Fire           100%       2d9       1%          2
c - Inner Flame           Hex/Fire       72%        N/A       1%          3
d - Flame Wave            Conj/Fire      90%        2d19      1%          4
e - Iskenderun's Mystic   Conj/Tloc      48%        2d11      4%          4
f - Starburst             Conj/Fire      45%        6d13      11%         6

Your spell library contained the following spells:

 Spells                   Type           Power      Damage    Failure   Level
 Apportation              Tloc           46%        N/A       1%          1
 Necrotise                Necr           72%        1d7       1%          1
 Dazzling Flash           Conj/Hex       96%        N/A       1%          3
 Ignite Poison            Fire/Tmut/Pois 59%        N/A       1%          3
 Volatile Blastmotes      Fire/Tloc      100%       2d18      1%          3
 Sticky Flame             Conj/Fire      90%        2d10      1%          4
 Portal Projectile        Hex/Tloc       44%        N/A       4%          3
 Tukima's Dance           Hex            21%        N/A       4%          3
 Vampiric Draining        Necr           18%        2d7       5%          3
 Agony                    Necr           18%        N/A       45%         5
 Alistair's Intoxication  Tmut/Pois      12%        N/A       45%         5
 Blade Hands              Tmut           9%         N/A       45%         5
 Ignition                 Fire           48%        3d14      96%         8


Dungeon Overview and Level Annotations

Branches:
Dungeon (9/15)             Temple (1/1) D:6            Lair (0/5) D:8
Ossuary (visited)
    Orc: D:9-12

Altars:
Ashenzari
Cheibriados
Dithmenos
Elyvilon
Nemelex Xobeh
Okawaru
Qazlal
Sif Muna
Trog
Uskayaw
Vehumet
Wu Jian
Xom
Yredelemnul
Zin
The Shining One

Shops:
D:8 =   D:9 *:


Innate Abilities, Weirdness & Mutations

You cannot wear most types of armour.
You are amphibious.
You can wear up to eight rings at the same time.
Your skin changes colour to match your surroundings (Stealth+).
Your rubbery body absorbs attacks. (AC +1, EV +1)
((You are camouflaged when in or above water. (Stealth+)))
You have tentacles for arms and can constrict up to eight enemies at once.


Message History

Casting: Starburst (quite dangerous; 11% risk of failure)
Confirm with . or Enter, or press ? or * to list all spells.
Okay, then.
Unknown command.
Press < or > to pray at altars.
Unknown command.
Press < or > to pray at altars.
The unseen horror zombie completely misses you. x3
The unseen horror zombie hits you but does no damage.
The unseen horror zombie completely misses you.
The unseen horror zombie misses you.
The unseen horror zombie completely misses you.
The unseen horror zombie hits you. The orc warrior completely misses you.
The unseen horror zombie barely misses you.
The unseen horror zombie completely misses you. x2
The orc warrior hits you from afar with a +0 trident.
* * * LOW HITPOINT WARNING * * *
The unseen horror zombie completely misses you.
The unseen horror zombie hits you but does no damage.
The unseen horror zombie completely misses you.
The orc warrior completely misses you.
Casting: Starburst (quite dangerous; 11% risk of failure)
Confirm with . or Enter, or press ? or * to list all spells.
The spell is quite dangerous to miscast (11% risk of failure)!
Continue anyway?
Casting: Starburst (quite dangerous; 11% risk of failure)
Press: ? - help, Dir - look around, f - activate You feel a surge of power!
You miscast Starburst.
You are blasted with searing flames.
You resist.
* * * LOW HITPOINT WARNING * * *
The unseen horror zombie hits you.
* * * LOW HITPOINT WARNING * * *
The unseen horror zombie barely misses you.
The orc warrior closely misses you.
The unseen horror zombie closely misses you.
You are confused.
You feel invigorated. The unseen horror zombie hits you!
* * * LOW HITPOINT WARNING * * *
The unseen horror zombie misses you.
The orc warrior hits you from afar with a +0 trident!
You die...

##.##...### #.....#
..........# #.....#
##........####.....#
###.........#.....#
##...######.....#
##.## #..Z..# #.#
###o### #.# #Z# #.#
#@# #.# ##### #.#
#.# #.# #.# #.# #.#
#.#######.#
#.........#
###########


You could see an orc warrior and 2 unseen horror zombies.

Vanquished Creatures
  A hydra (D:9)
  Pikel (D:8)
  Maggie (D:8)
  A troll (D:7)
  3 polar bears (D:8)
  A hornet (D:7)
  3 wargs (D:8)
  2 water moccasins (D:8)
  2 black bears
  3 ice beasts
  3 orc warriors
  An ogre (D:7)
  2 wolves (D:8)
  4 lemures (D:8)
  5 centaurs
  3 phantoms (D:7)
  3 bullfrogs
  A kobold brigand (D:8)
  2 elf zombies (Ossuary)
  3 scorpions
  3 hornet simulacra (D:8)
  3 howler monkeys
  A centaur zombie (Ossuary)
  A hound (D:6)
  A wyvern simulacrum (D:8)
  2 gnoll boudas
  7 orc priests
  3 sleepcaps
  An iguana (D:5)
  9 orc wizards
  2 centaur simulacra (D:8)
  3 mummies
  4 gnolls
  8 adders
  5 white imps
  A howler monkey simulacrum (D:8)
  6 ufetubi
  A worm (D:2)
  5 dart slugs
  29 orcs
  3 ball pythons
  9 bats
  6 endoplasms
  3 giant cockroaches (D:4)
  10 goblins
  8 hobgoblins
  7 kobolds
  A quokka (D:4)
  2 frilled lizards
  3 goblin zombies (Ossuary)
  10 hobgoblin zombies (Ossuary)
  6 kobold zombies (Ossuary)
  11 orc zombies (Ossuary)
  7 rats
  3 rat zombies (Ossuary)
229 creatures vanquished.

Vanquished Creatures (collateral kills)
  3 foxfires (D:8)
3 creatures vanquished.

Vanquished Creatures (others)
  An orc warrior (D:8)
  A wight (D:8)
  707 foxfires
709 creatures vanquished.

Grand Total: 941 creatures vanquished

Notes
Turn   | Place    | Note
-------+----------+-------------------------------------------
     0 | D:1      | Conn the Octopode Fire Elementalist began the quest for the
                  | Orb.
     0 | D:1      | Reached XP level 1. HP: 11/11 MP: 3/3
   230 | D:1      | Reached XP level 2. HP: 17/17 MP: 1/5
   876 | D:1      | Reached XP level 3. HP: 21/21 MP: 3/6
  1573 | D:2      | Learned a level 2 spell: Scorch
  1577 | D:2      | Learned a level 3 spell: Inner Flame
  1598 | D:2      | Reached XP level 4. HP: 27/27 MP: 4/7
  2532 | D:3      | Reached XP level 5. HP: 24/31 MP: 6/9
  2908 | D:3      | Learned a level 4 spell: Flame Wave
  3263 | D:4      | Found a sand-covered staircase.
  3308 | Ossuary  | Entered an ossuary
  3704 | Ossuary  | Reached XP level 6. HP: 16/37 MP: 1/11
  4523 | D:5      | Entered Level 5 of the Dungeon
  4569 | D:5      | Reached XP level 7. HP: 35/42 MP: 8/13
  4835 | D:5      | Reached skill level 1 in Fighting
  4854 | D:5      | Reached skill level 1 in Short Blades
  5111 | D:6      | Reached skill level 5 in Fire Magic
  5225 | D:6      | Found a broken altar of Ashenzari.
  5259 | D:6      | Identified the +7 dagger "Ubreapt" {venom, rPois Will-
                  | Int+10}
  5291 | D:6      | Reached skill level 5 in Spellcasting
  5373 | D:6      | Reached XP level 8. HP: 23/48 MP: 15/15
  5469 | D:6      | Found a staircase to the Ecumenical Temple.
  5478 | Temple   | Entered the Ecumenical Temple
  5486 | Temple   | Became a worshipper of Sif Muna the Loreminder
  5754 | D:6      | Reached skill level 5 in Stealth
  5998 | D:6      | Found a sparkling altar of Nemelex Xobeh.
  6129 | D:7      | Noticed a hornet
  6133 | D:7      | Killed a hornet
  6134 | D:7      | Reached skill level 1 in Invocations
  6514 | D:7      | Reached XP level 9. HP: 54/54 MP: 12/17
  6518 | D:7      | Reached * piety under Sif Muna
  6602 | D:7      | Identified the ring "Qoef" {rPois Will+}
  6829 | D:7      | You fall into a shaft and drop 2 floors!
  6906 | D:9      | Noticed a five-headed hydra
  6914 | D:9      | Identified the ring of Urhop {rN+ Will+ Str-3 Int+5}
  7192 | D:8      | Reached skill level 5 in Conjurations
  7391 | D:8      | Noticed a polar bear
  7513 | D:7      | Noticed a troll
  7522 | D:7      | Killed a troll
  7846 | D:8      | Noticed a polar bear
  7853 | D:8      | Killed a polar bear
  7854 | D:8      | Reached XP level 10. HP: 55/60 MP: 13/20
  8050 | D:8      | Reached ** piety under Sif Muna
  8213 | D:8      | Identified the +4 pair of boots of Vlad {rF- rCorr Str+3
                  | Dex+5}
  8290 | D:8      | Found Fekkadob's Jewellery Shop.
  8306 | D:8      | Bought a ring of protection from cold for 300 gold pieces
  8330 | D:8      | Noticed Pikel
  8335 | D:8      | Killed Pikel
  8609 | D:8      | Found a staircase to the Lair.
  8636 | D:8      | Noticed Maggie
  8644 | D:8      | Killed Maggie
  8877 | D:8      | Found a shimmering altar of Xom.
  8898 | D:8      | Reached skill level 5 in Invocations
  9293 | D:8      | Learned a level 4 spell: Iskenderun's Mystic Blast
  9300 | D:8      | Learned a level 6 spell: Starburst
  9346 | D:9      | Killed a five-headed hydra
  9483 | D:9      | Found Nenedaah's Assorted Antiques.
  9491 | D:9      | Bought a glowing brown potion for 25 gold pieces
  9491 | D:9      | Bought a white potion for 25 gold pieces
  9501 | D:9      | Found Haeleig's Book Boutique.
  9583 | D:9      | Found a bloodstained altar of Trog.
  9625 | D:9      | Found a basalt altar of Yredelemnul.
  9641 | D:9      | Slain by an orc warrior

Illustrated notes

Levels and vault maps discovered:
D:1:      amcnicky_arrival_feature_with_door, layout_basic, minmay_distorted
D:2:      layout_basic
D:3:      layout_basic
D:4:      layout_basic, gup_ossuary_entry_pyramid
D:5:      layout_rooms
D:6:      layout_loops_cross, kennysheep_little_box, evilmike_ruin_ashenzari,
          minmay_temple_entry_junction
D:7:      layout_gridville
D:8:      layout_basic, xom_confusion_cloud, erik_lair_orcish_takeover,
          serial_shops, kennysheep_mini_moat, serial_ice, serial_ice_n,
          serial_ice_f, serial_ice_i, serial_ice_c, serial_ice_d, serial_ice_m,
          serial_ice_g, serial_ice_e, serial_ice_o, serial_ice_h, uniq_pikel,
          uniq_maggie
D:9:      layout_loops_ring, trog_ov_bears_minmay,
          lemuel_zombie_altar_yredelemnul, serial_shops, shop,
          nicolae_shop_tiny_statue_garden, nicolae_shop_hallway_stairs,
          nicolae_shop_statue_plus, shop
Temple:   compressed_dpeg_triangle_lava_temple

Skill      XL: |  1  2  3  4  5  6  7  8  9 10 |
---------------+-------------------------------+-----
Stealth        | 3 4 5 6 |  6.1
Conjurations   | 2 3 4 5 6 |  6.7
Spellcasting   | 3 4 5 7 8 |  8.6
Fire Magic     | 4 5 6 7 8 |  8.9
Fighting       | 1 2 |  2.0
Short Blades   | 1 2 |  2.3
Dodging        | 3 |  3.9
Invocations    | 2 4 5 |  5.5
Hexes          | |  0.4
Translocations | |  0.6

Action                     |  1- 3 |  4- 6 |  7- 9 | 10-12 || total
---------------------------+-------+-------+-------+-------++-------
  Melee: Constrict         |     3 |    15 |    11 |     1 ||    30
         Unarmed           |     2 |       |       |       ||     2
         Staff             |     6 |    24 |       |       ||    30
         Tentacles         |     3 |    13 |    12 |     5 ||    33
         Dagger            |       |    29 |    46 |     8 ||    83
   Cast: Foxfire           |    61 |   131 |   121 |    92 ||   405
         Scorch            |       |     8 |    30 |    22 ||    60
         Flame Wave        |       |       |     4 |     3 ||     7
         Inner Flame       |       |       |     1 |     4 ||     5
         Iskenderun's Myst |       |       |       |     5 ||     5
         Starburst         |       |       |       |     1 ||     1
    Use: Potion            |       |     1 |     2 |     1 ||     4
         Scroll            |       |       |    13 |     1 ||    14
   Stab: Sleeping          |     2 |       |     7 |     1 ||    10
 Armour: Skin              |       |    27 |     6 |    14 ||    47
  Dodge: Dodged            |     5 |    47 |    50 |    74 ||   176

Table legend: (Time is in decaauts)
 A = Elapsed time spent in this place.
 B = Non-inter-level travel time spent in this place.
 C = Inter-level travel time spent in this place.
 D = Time resting spent in this place.
 E = Time spent auto-exploring this place.
 F = Levels seen in this place.
 G = Mean time per level.
                   A        B        C        D        E       F      G
               +--------+--------+--------+--------+--------+-----+--------+
         Total |   9634 |   9520 |    114 |    103 |   6546 |  11 |  875.8 |
       Dungeon |   8925 |   8811 |    114 |     37 |   6273 |   9 |  991.7 |
        Temple |     16 |     16 |      0 |      0 |      0 |   1 |   16.0 |
       Ossuary |    692 |    692 |      0 |     66 |    273 |   1 |  692.0 |
               +--------+--------+--------+--------+--------+-----+--------+

Top non-repeatable levels by time:
     D:8: 1944 daAuts
     D:1: 1270 daAuts
     D:7: 1132 daAuts
     D:6: 1050 daAuts
     D:4: 912 daAuts
     D:2: 844 daAuts
     D:3: 804 daAuts
 Ossuary: 692 daAuts
     D:5: 522 daAuts
     D:9: 443 daAuts
  Temple: 16 daAuts
